 Dungeon Crawl Stone Soup version 0.31.0-32-g396128a36d (webtiles) character file.

Game seed: 17171102838471685577

3490 caiodrago the Frost Mage (level 10, -1/54 HPs)
             Began as a Gargoyle Ice Elementalist on Apr 2, 2024.
             Was a Believer of Vehumet.
             Slain by an orc warrior
             ... wielding a +0 glaive
              (2 damage)
             ... on level 6 of the Dungeon on Apr 3, 2024.
             The game lasted 01:01:50 (7471 turns).

caiodrago the Frost Mage (GrIE)                     Turns: 7471, Time: 01:01:51

Health: -1/54      AC: 22    Str: 12      XL:     10   Next: 7%
Magic:  14/22      EV: 10    Int: 20      God:    Vehumet [**....]
Gold:   295        SH:  3    Dex:  8 (10) Spells: 15/25 levels left

rFire   + . .        e - +2 flail (protect)
rCold   . . .        t - +0 buckler
rNeg    + . .        a - +2 ring mail {rF+}
rPois   ∞            j - +1 helmet
rElec   +            (no cloak)
rCorr   .            (no gloves)
SInv    .            (no boots)
Will    .....        (no amulet)
Stlth   +            c - ring of wizardry
HPRegen 0.29/turn    (no ring)
MPRegen 0.18/turn

%: wizardry (x1)
@: ice-armoured, freezing walls
A: sickness immunity, AC +7, negative energy resistance 1, electricity
resistance, torment resistance 1, petrification resistance
a: Renounce Religion


You were on level 6 of the Dungeon.
You worshipped Vehumet.
Vehumet was pleased with you.
You visited 1 branch of the dungeon, and saw 6 of its levels.
You also visited: Ossuary.

You collected 295 gold pieces.

Inventory:

Hand Weapons
 e - a +2 flail of protection (weapon)
 p - a +2 trident of draining
 w - the +3 dagger of Plog {holy, Will+ Int+2 SInv Stlth+}
   (You found it on level 5 of the Dungeon)

   Int+2:     It affects your intelligence (+2).
   Will+:     It increases your willpower.
   SInv:      It lets you see invisible.
   Stlth+:    It makes you more stealthy.
Armour
 a - a +2 ring mail of fire resistance (worn)
 j - a +1 helmet (worn)
 t - a +0 buckler (worn)
Jewellery
 c - a ring of wizardry (left hand)
Wands
 f - a wand of flame (21)
 g - a wand of iceblast (9)
Scrolls
 m - 2 scrolls of brand weapon
 q - 3 scrolls of identify
 r - a scroll of amnesia
 s - a scroll of immolation
 v - 3 scrolls of teleportation
 y - 2 scrolls of enchant armour
 z - 3 scrolls of blinking
 A - 2 scrolls of revelation
Potions
 b - 2 potions of magic
 d - a potion of cancellation
 h - a potion of mutation {unknown}
 i - a potion of ambrosia {unknown}
 k - a potion of curing
 l - a potion of lignification {unknown}
 n - 5 potions of heal wounds
 o - a potion of haste {unknown}
 u - a potion of invisibility {unknown}
 x - a potion of might


   Skills:
 + Level 2.5 Fighting
 + Level 2.2 Maces & Flails
 - Level 2.7 Polearms
 - Level 2.0 Armour
 - Level 2.0 Dodging
 - Level 3.0 Stealth
 - Level 2.0 Shields
 + Level 8.3 Spellcasting
 + Level 9.9 Ice Magic


You had 15 spell levels left.
You knew the following spells:

 Your Spells              Type           Power      Damage    Failure   Level
a - Freeze                Ice            100%       1d10      1%          1
b - Frozen Ramparts       Ice            96%        1d15      1%          3
c - Ozocubu's Armour      Ice            48%        N/A       1%          3
d - Summon Ice Beast      Ice/Summ       28%        N/A       4%          3

Your spell library contained the following spells:

 Spells                   Type           Power      Damage    Failure   Level
 Shock                    Conj/Air       32%        1d5       11%         1


Dungeon Overview and Level Annotations

Branches:
Dungeon (6/15)             Temple (0/1) D:5         Ossuary (visited)

Altars:
Qazlal
Vehumet
Xom


Innate Abilities, Weirdness & Mutations

You are immune to sickness and miasma.
Your stone body is resilient. (AC +7)
You are immune to poison.
You resist negative energy. (rN+)
You are resistant to electric shocks. (rElec)
You are resistant to unholy torment.
You are immune to petrification.


Message History

An iguana comes into view.
The wall freezes the orc priest!
The orc priest calls down the wrath of Beogh upon you.
Beogh smites you!
* * * LOW HITPOINT WARNING * * *
The wall freezes the orc priest.
The orc priest barely misses your ice beast.
The white imp completely resists.
The wall freezes the white imp but does no damage.
Your ice beast barely misses the orc priest.
The wall freezes the orc priest.
You kill the orc priest!
Vehumet accepts your kill.
The white imp resists.
The wall freezes the white imp.
The white imp misses you.
Your ice beast hits the white imp.
Your ice beast freezes the white imp.
The white imp resists.
The white imp resists.
The wall freezes the white imp.
The white imp barely misses you.
Your ice beast closely misses the white imp.
You barely miss the white imp.
The white imp is almost dead.
The wall freezes the orc!
You kill the orc!
Vehumet accepts your kill.
The white imp completely resists.
The wall freezes the white imp but does no damage.
The white imp barely misses you.
The orc priest mumbles some strange prayers to Beogh against you.
Beogh smites you!
* * * LOW HITPOINT WARNING * * *
Your ice beast hits the white imp.
The white imp dies!
Vehumet accepts your kill.
Okay, then.
The wall freezes the orc warrior but does no damage.
The orc warrior closely misses you.
Okay, then.
The wall freezes the orc warrior but does no damage.
The orc warrior hits you from afar with a +0 glaive.
You die...

###......#######.. #
#.............# ## #
#..#.......#### . . ###
#...<....### . ..
..####..###.♣..♣ .#...
.....#...#..⌠♣.♣ ##$...
...............♣##.....
...........#♣.....>#
................@Yl##
...........#####.#o......
...........#####.).......
...........##....#.......
...#...........##........
#####.#..................
#####.#[.......###..."...
...............# .......
...........<...# ...PP.


You could see an orc warrior, an iguana (ally target) and a friendly ice beast
(summoned).

Vanquished Creatures
  Pikel (D:4)
  Jeremiah (D:6)
  Prince Ribbit (D:6)
  Sigmund (D:2)
  The ghost of caiodrago the Digger, an amateur GrEE of Kikubaaqudgha (D:5)
  Eustachio (D:5)
  Edmund (D:3)
  Menkaure (D:5)
  A water moccasin (D:5)
  An orc warrior (D:4)
  A black bear (D:6)
  2 ogres
  A phantom (D:4)
  3 lemures (D:4)
  A scorpion (D:4)
  2 water moccasin zombies (Ossuary)
  A burial acolyte (Ossuary)
  3 hounds
  A quasit (D:6)
  5 orc priests
  An iguana (D:5)
  3 orc wizards
  2 crocodile zombies (Ossuary)
  A mummy (Ossuary)
  3 adders
  A shadow imp (D:6)
  2 white imps
  An ufetubus (D:5)
  3 adder zombies (Ossuary)
  A ribbon worm (D:2)
  4 dart slugs
  7 orcs
  2 bats
  11 endoplasms
  A giant cockroach (D:3)
  5 gnoll zombies (Ossuary)
  12 goblins
  7 hobgoblins
  4 jackals (D:1)
  4 quokkas
  3 ball pythons
  6 frilled lizards
  3 jackal zombies (Ossuary)
  5 kobolds
  4 orc zombies (Ossuary)
  6 rats
132 creatures vanquished.

Vanquished Creatures (collateral kills)
  The ghost of xight the Magician, a novice DEFE (D:5)
  An ogre (D:5)
  2 hounds (D:4)
  An orc wizard (D:4)
  A crocodile zombie (Ossuary)
  A mummy (Ossuary)
  An adder (D:4)
  4 gnolls (D:5)
  3 white imps (D:6)
  An ufetubus (D:5)
  An adder zombie (Ossuary)
  4 orcs
  An endoplasm (D:2)
  3 gnoll zombies (Ossuary)
  A goblin (D:3)
  A quokka (D:4)
  A ball python (D:4)
  A jackal zombie (Ossuary)
  A kobold (D:2)
  An orc zombie (Ossuary)
31 creatures vanquished.

Grand Total: 163 creatures vanquished

Notes
Turn   | Place    | Note
-------+----------+-------------------------------------------
     0 | D:1      | caiodrago the Gargoyle Ice Elementalist began the quest for
                  | the Orb.
     0 | D:1      | Reached XP level 1. HP: 10/10 MP: 3/3
    99 | D:1      | Reached XP level 2. HP: 9/15 MP: 0/5
   424 | D:1      | Reached XP level 3. HP: 14/19 MP: 0/6
   564 | D:1      | Learned a level 3 spell: Frozen Ramparts
  1262 | D:2      | Noticed Sigmund
  1275 | D:2      | Learned a level 3 spell: Ozocubu's Armour
  1286 | D:2      | Killed Sigmund
  1287 | D:2      | Reached skill level 5 in Ice Magic
  1287 | D:2      | Reached XP level 4. HP: 17/24 MP: 1/9
  1287 | D:2      | Reached XP level 5. HP: 20/28 MP: 1/10
  1677 | D:2      | Reached skill level 6 in Ice Magic
  1721 | D:2      | Learned a level 3 spell: Summon Ice Beast
  1815 | D:2      | Reached XP level 6. HP: 30/32 MP: 11/11
  3139 | D:3      | Found a radiant altar of Vehumet.
  3159 | D:3      | Became a worshipper of Vehumet
  3489 | D:4      | Reached skill level 1 in Armour
  3491 | D:4      | Reached skill level 1 in Polearms
  3492 | D:4      | Reached XP level 7. HP: 25/36 MP: 2/12
  3895 | D:4      | Noticed Pikel
  3928 | D:4      | Killed Pikel
  3929 | D:4      | Reached skill level 5 in Spellcasting
  3929 | D:4      | Reached XP level 8. HP: 10/41 MP: 5/15
  4142 | D:4      | Reached skill level 7 in Ice Magic
  4468 | D:4      | Reached * piety under Vehumet
  4468 | D:4      | Offered knowledge of Sting by Vehumet.
  4473 | D:4      | Noticed Edmund
  4511 | D:3      | Killed Edmund
  4520 | D:3      | Reached skill level 8 in Ice Magic
  4956 | D:5      | Entered Level 5 of the Dungeon
  4973 | D:5      | Found a runed translucent gate.
  4974 | D:5      | Found a runed translucent gate.
  4974 | D:5      | Found a runed translucent gate.
  4974 | D:5      | Noticed xight's ghost (novice DEFE)
  4974 | D:5      | Noticed caiodrago's ghost (amateur GrEE)
  5251 | D:5      | Identified the +3 dagger of Plog {holy, Will+ Int+2 SInv
                  | Stlth+}
  5608 | D:5      | Found a sand-covered staircase.
  5645 | Ossuary  | Entered an ossuary
  5755 | Ossuary  | Reached XP level 9. HP: 41/45 MP: 7/19
  6180 | Ossuary  | Reached ** piety under Vehumet
  6180 | Ossuary  | Offered knowledge of Shock by Vehumet.
  6403 | D:5      | Reached skill level 1 in Shields
  6497 | D:5      | Noticed Menkaure
  6504 | D:5      | Killed Menkaure
  6695 | D:5      | Noticed Eustachio
  6720 | D:5      | Killed Eustachio
  6721 | D:5      | Reached skill level 9 in Ice Magic
  6773 | D:5      | Found a stormy altar of Qazlal.
  6929 | D:5      | Found a staircase to the Ecumenical Temple.
  7067 | D:5      | Killed caiodrago's ghost
  7068 | D:5      | Killed xight's ghost
  7156 | D:6      | Noticed Prince Ribbit
  7171 | D:6      | Noticed Jeremiah
  7180 | D:6      | Killed Prince Ribbit
  7181 | D:6      | Reached skill level 1 in Fighting
  7181 | D:6      | Reached skill level 1 in Maces & Flails
  7194 | D:6      | Killed Jeremiah
  7195 | D:6      | Reached XP level 10. HP: 34/53 MP: 9/22
  7274 | D:6      | Found a shimmering altar of Xom.
  7469 | D:6      | HP: 1/54 [orc priest/divine providence (14)]
  7471 | D:6      | Slain by an orc warrior

Illustrated notes

Levels and vault maps discovered:
D:1:      lightli_arrival_boilingwater, layout_basic
D:2:      layout_loops_corners, uniq_sigmund
D:3:      layout_basic, vehumet_crystals, minmay_ogre_servants
D:4:      layout_cave_pods, uniq_pikel, uniq_edmund
D:5:      layout_loops_corners, grunt_qazlal_sundering,
          minmay_temple_entry_proselytizer, enter_ossuary_5,
          gammafunk_ghost_cemetery, uniq_eustachio, uniq_menkaure
D:6:      layout_rooms, kennysheep_mini, old_standard_altar, serial_demonic,
          serial_demonic_b, serial_demonic_b, serial_demonic_e,
          serial_demonic_e, minmay_between, uniq_jeremiah, uniq_prince_ribbit1

Skill      XL: |  1  2  3  4  5  6  7  8  9 |
---------------+----------------------------+-----
Spellcasting   | 3 5 6 8 |  8.3
Ice Magic      | 5 6 8 9 |  9.9
Dodging        | 2 |  2.0
Stealth        | 3 |  3.0
Armour         | 1 2 |  2.0
Polearms       | 1 2 |  2.7
Shields        | 2 |  2.0
Fighting       | 2 |  2.5
Maces & Flails | 2 |  2.2

Action                     |  1- 3 |  4- 6 |  7- 9 | 10-12 || total
---------------------------+-------+-------+-------+-------++-------
  Melee: Unarmed           |    27 |       |       |       ||    27
         War axe           |    41 |       |       |       ||    41
         Punch             |     1 |       |       |       ||     1
         Dagger            |     4 |       |       |       ||     4
         Halberd           |       |    58 |    58 |       ||   116
         Flail             |       |       |   127 |    15 ||   142
   Cast: Freeze            |    24 |    14 |    19 |     2 ||    59
         Frozen Ramparts   |     5 |     5 |    31 |     3 ||    44
         Ozocubu's Armour  |     1 |     7 |    20 |     1 ||    29
         Summon Ice Beast  |       |     3 |    26 |     3 ||    32
    Use: Potion            |     3 |       |     6 |       ||     9
         Scroll            |     2 |     4 |     5 |       ||    11
   Stab: Sleeping          |     1 |     3 |     1 |       ||     5
         Distracted        |       |       |     1 |       ||     1
 Armour: Robe              |    71 |    35 |    35 |       ||   141
         Plate armour      |       |    17 |       |       ||    17
         Skin              |       |     6 |       |       ||     6
         Ring mail         |       |       |   214 |    38 ||   252
  Dodge: Dodged            |    90 |    47 |   126 |    16 ||   279
  Block: Buckler           |       |       |    25 |     3 ||    28
